 Dungeon Crawl Stone Soup version 0.32-a0-975-g85d4e5bfdb (webtiles) character file.

Game seed: 10501203552182182761

1327 ezpacito the Trooper (level 8, -9/54 (55) HPs)
             Began as a Coglin Chaos Knight on Apr 19, 2024.
             Was a Plaything of Xom.
             Mangled by a wight
             ... wielding a +2 great sword
              (15 damage)
             ... on level 6 of the Dungeon.
             The game lasted 00:06:13 (4759 turns).

ezpacito the Trooper (Coglin Chaos Knight)          Turns: 4759, Time: 00:06:13

HP:   -9/54 (55)    AC:  9    Str: 14    XL:     8   Next: 60%
MP:   10/10         EV:  7    Int: 12    God:    Xom [*.....]
Gold: 322           SH:  0    Dex: 14    Spells: 10/10 levels left

rFire   . . .        a - +0 hand axe (chaos) {Gerda}
rCold   + . .        F - +0 trident {Malki}
rNeg    . . .        H - +0 chain mail {rC+}
rPois   +            s - +0 helmet
rElec   .            x - +2 cloak {rPois}
rCorr   .            (no gloves)
SInv    .            (no boots)
Will    .....        (amulet unavailable) Stlth
                     (ring unavailable)
HPRegen 0.29/turn    (ring unavailable)
MPRegen 0.12/turn    (no gizmo)

%: no passive effects
@: brilliant, lightly drained, invisible, revving
A: off-hand wielding, slow wielding, warmup strikes, no jewellery, deformed
body, frail 1, mutation resistance 1, poison resistance, no potion heal 1
a: Invent Gizmo, Renounce Religion


You were on level 6 of the Dungeon.
You worshipped Xom.
You were a special plaything of Xom.
You visited 1 branch of the dungeon, and saw 6 of its levels.

You collected 322 gold pieces.

Inventory:

Hand Weapons
 a - a +0 hand axe of chaos (weapon) {Gerda}
 u - a +0 war axe
 F - a +0 trident (offhand) {Malki}
 J - a +5 hand axe
Missiles
 e - 14 poisoned darts
 o - 4 javelins (quivered)
Armour
 p - a +0 hat
 s - a +0 helmet (worn)
 x - a +2 cloak of poison resistance (worn)
 A - a scarf of shadows
 B - a +0 plate armour
 H - a +0 chain mail of cold resistance (worn)
Wands
 w - a wand of charming (8)
 y - a wand of flame (16)
Scrolls
 b - 2 scrolls of noise
 f - 3 scrolls of fog
 h - 3 scrolls of enchant armour
 l - a scroll of silence {unknown}
 m - a scroll of acquirement {unknown}
 n - a scroll of fear {unknown}
 r - a scroll of blinking {unknown}
 t - 5 scrolls of teleportation
 v - a scroll of torment
 D - a scroll of enchant weapon {unknown}
Potions
 d - 2 potions of invisibility
 g - a potion of attraction {unknown}
 k - a potion of brilliance
 q - 2 potions of curing
 z - 2 potions of enlightenment {unknown}
 C - a potion of berserk rage {unknown}
 E - a potion of haste {unknown}
 G - a potion of degeneration {unknown}
 I - a potion of cancellation {unknown}


   Skills:
 * Level 5.0 Fighting
 * Level 5.0(5.5) Axes
 * Level 3.3(4.4) Polearms
 + Level 0.9 Throwing
 * Level 3.7 Armour
 * Level 3.3 Dodging
 + Level 2.2 Stealth
 + Level 2.1 Unarmed Combat
 + Level 1.8 Spellcasting
 + Level 2.4 Evocations


You had 10 spell levels left.
You didn't know any spells.
Your spell library contained the following spells:

 Spells                   Type           Power      Damage    Failure   Level
 Kiss of Death            Conj/Necr      4%         2d5       99%         1
 Shock                    Conj/Air       4%         1d3       99%         1
 Jinxbite                 Hex            2%         N/A       100%        2
 Inner Flame              Hex/Fire       1%         N/A       100%        3
 Swiftness                Air            1%         N/A       100%        3
 Airstrike                Air            0%         2d(1-17)  100%        4
 Animate Dead             Necr           1%         N/A       100%        4
 Yara's Violent Unravell  Hex/Alch       0%         3d3       100%        5
 Enfeeble                 Hex            0%         N/A       100%        7
 Death's Door             Necr           0%         N/A       100%        9
 Fire Storm               Conj/Fire      0%         6d1       100%        9


Dungeon Overview and Level Annotations

Branches:
Dungeon (6/15)             Temple (0/1) D:6

Altars:
Dithmenos
Elyvilon
Kikubaaqudgha
Qazlal
Ru
Wu Jian


Innate Abilities, Weirdness & Mutations

You can wield a second weapon in your off-hand.
It takes a long time for you to wield or remove held weapons.
Your first few attacks do less damage.
You cannot equip rings or amulets.
Armour fits poorly on your strangely shaped body.
You are frail. (-10% HP)
You are somewhat resistant to further mutation.
Your system is resistant to poisons. (rPois)
Potions are less effective at restoring your health.


Message History

Your Fighting skill increases to level 5!
Your Axes skill increases to level 5!
You take 18 damage, and have 30/62 hp.
MASSIVE DAMAGE!!
You are too injured to fight recklessly!
You are too injured to fight recklessly!
You are too injured to fight recklessly!
You are too injured to fight recklessly!
You are too injured to fight recklessly!
You are too injured to fight recklessly!
Okay, then.
As you read the scroll of butterflies, it crumbles to dust.
You hear the flapping of tiny wings.
The wight is knocked back by the sudden gust. x3 "See what I see, my child!"
You detect nothing.
You are now a special plaything of Xom.
You fade into invisibility!
The wight closely misses you.
The wight closely misses your butterfly.
The wight misses your butterfly.
It was a potion of mutation.
You feel extremely strange.
Your body twists and deforms.
Your thoughts seem clearer.
You feel stupid.
The wight hits you with a +2 great sword!
The wight closely misses your butterfly.
You take 11 damage, and have 20/62 hp.
You feel extremely strange.
You feel clever.
Your thinking seems confused.
Your system partially rejects the healing effects of potions.
You feel resistant to poisons.
You feel frail.
You feel genetically stable.
The wight hits you with a +2 great sword!
* * * LOW HITPOINT WARNING * * *
You feel drained.
* * * LOW HITPOINT WARNING * * *
The wight misses your butterfly. The wight barely misses your butterfly.
You take 14 damage, and have 6/54 hp.
MASSIVE DAMAGE!!
It was a potion of brilliance.
You feel clever all of a sudden.
The wight hits you with a +2 great sword!
You die...
Xom is highly amused!

#### ...# .# ...#
#######+#####)########## ...#
.......bb............... ...#
..bbbb..bb..b........... ...#
..zb.bbbbb.bb.b......... ####
....bbb°bbbbb...........
...bzb§@bbb.b...........
.....bzbbbbbb#..........
#########b.b.#..........
######### #...bb...†.....P
#.......#####..bb...#.......
#.......'....)..#...###.....
######.......#########...###.....
.......................>.........
###............######.....##.....


You could see 3 wights.

Vanquished Creatures
  Sigmund (D:6)
  A swamp drake (D:5)
  An ice beast (D:5)
  2 ogres
  A phantom (D:6)
  A kobold brigand (D:6)
  A bullfrog (D:6)
  2 scorpions
  A wight (D:6)
  2 bombardier beetles
  A hound (D:5)
  Crazy Yiuf (D:3)
  Terence (D:2)
  4 orc wizards
  4 adders
  A gnoll (D:1)
  A river rat (D:6)
  A white imp (D:6)
  A ribbon worm (D:5)
  4 dart slugs
  17 orcs
  9 endoplasms
  5 giant cockroaches
  12 goblins
  2 hobgoblins (D:1)
  3 jackals (D:3)
  2 quokkas
  7 ball pythons
  6 bats
  4 frilled lizards
  10 kobolds
  10 rats
119 creatures vanquished.

Notes
Turn   | Place    | Note
-------+----------+-------------------------------------------
     0 | D:1      | ezpacito the Coglin Chaos Knight began the quest for the
                  | Orb.
     0 | D:1      | Reached XP level 1. HP: 18/18 MP: 1/1
    69 | D:1      | Reached skill level 1 in Dodging
    92 | D:1      | Found a large runed translucent door.
    92 | D:1      | Found a large runed translucent door.
   104 | D:1      | Reached XP level 2. HP: 24/24 MP: 2/2
   242 | D:1      | You fall into a shaft and drop 1 floor!
   366 | D:2      | Reached XP level 3. HP: 23/29 MP: 3/3
   441 | D:1      | XOM: cast spell 'Animate Armour'
   609 | D:1      | Reached skill level 1 in Polearms
   816 | D:1      | XOM: silly message
   914 | D:1      | Reached XP level 4. HP: 35/35 MP: 4/4
  1041 | D:2      | XOM: silly message
  1161 | D:2      | Noticed Terence
  1175 | D:2      | Killed Terence
  1223 | D:2      | XOM: silly message
  1590 | D:3      | Reached XP level 5. HP: 40/42 MP: 5/5
  2298 | D:3      | XOM: silly message
  2300 | D:3      | Reached skill level 1 in Stealth
  2415 | D:3      | XOM: divination: magic mapping
  2433 | D:3      | Found a runed translucent door.
  2434 | D:3      | Noticed Crazy Yiuf
  2445 | D:3      | Killed Crazy Yiuf
  2469 | D:3      | XOM: silly message
  2513 | D:4      | Reached skill level 1 in Unarmed Combat
  2527 | D:4      | Reached XP level 6. HP: 24/48 MP: 7/7
  2684 | D:4      | Reached skill level 1 in Spellcasting
  2807 | D:4      | Reached skill level 1 in Evocations
  3143 | D:4      | XOM: cloud trail
  3269 | D:5      | Entered Level 5 of the Dungeon
  3282 | D:5      | Reached XP level 7. HP: 35/54 MP: 8/8
  3347 | D:5      | Found a shadowy altar of Dithmenos.
  3410 | D:5      | XOM: silly message
  3424 | D:5      | XOM: potion effect (might)
  3508 | D:5      | XOM: divination: detect creatures
  3857 | D:5      | XOM: silly message
  3980 | D:5      | XOM: divination: detect creatures
  3983 | D:5      | XOM: divination: detect items
  4061 | D:6      | Found a stormy altar of Qazlal.
  4061 | D:6      | Found an ornate altar of the Wu Jian Council.
  4061 | D:6      | XOM: 4-stop teleportation journey
  4082 | D:6      | Found a sacrificial altar of Ru.
  4088 | D:6      | Reached XP level 8. HP: 54/61 MP: 10/10
  4118 | D:6      | XOM: god gift: Xom's Catalogue of the Lumpy Persimmons {god
                  | gift}
  4142 | D:6      | Got Xom's Catalogue of the Lumpy Persimmons {god gift}
  4349 | D:6      | Noticed Sigmund
  4369 | D:6      | Killed Sigmund
  4459 | D:6      | Found a staircase to the Ecumenical Temple.
  4478 | D:6      | Found an ancient bone altar of Kikubaaqudgha.
  4528 | D:6      | XOM: confuse monster(s)
  4618 | D:6      | Found a white marble altar of Elyvilon.
  4751 | D:6      | XOM: smoke on damage
  4755 | D:6      | Reached skill level 5 in Fighting
  4755 | D:6      | Reached skill level 5 in Axes
  4755 | D:6      | XOM: divination: detect items
  4757 | D:6      | Gained mutation: Armour fits poorly on your strangely
                  | shaped body. [potion of mutation]
  4757 | D:6      | Gained mutation: You possess an exceptional clarity of
                  | mind. [potion of mutation]
  4757 | D:6      | Gained mutation: You are dopey. (Int -2) [potion of
                  | mutation]
  4758 | D:6      | Lost mutation: You are dopey. (Int -2) [potion of mutation]
  4758 | D:6      | Lost mutation: You possess an exceptional clarity of mind.
                  | [potion of mutation]
  4758 | D:6      | Gained mutation: Potions are less effective at restoring
                  | your health. [potion of mutation]
  4758 | D:6      | Gained mutation: Your system is resistant to poisons.
                  | (rPois) [potion of mutation]
  4758 | D:6      | Gained mutation: You are frail. (-10% HP) [potion of
                  | mutation]
  4758 | D:6      | Gained mutation: You are somewhat resistant to further
                  | mutation. [potion of mutation]
  4759 | D:6      | Mangled by a wight

Illustrated notes

Levels and vault maps discovered:
D:1:      erik_arrival_cave_to_civilisation [erik_arrival_cave_to_temple],
          layout_basic
D:2:      layout_loops_ring, kennysheep_generic_room_16, uniq_terence
D:3:      layout_basic, minmay_diced_spiral, uniq_crazy_yiuf_cottage
D:4:      layout_basic
D:5:      layout_rooms, mainiacjoe_overflow_small_starburst
D:6:      layout_basic, chequers_temple_overflow_statue_of_worship,
          mainiacjoe_overflow_six_doors_small, mainiacjoe_overflow_big_doors,
          minmay_temple_entry_overgrown, minmay_misc_feat_roman, uniq_sigmund

Skill      XL: |  1  2  3  4  5  6  7  8 |
---------------+-------------------------+-----
Dodging        | 1 2 3 |  3.3
Armour         | 2 3 |  3.7
Polearms       | 1 2 3 |  3.3
Stealth        | 1 2 |  2.2
Unarmed Combat | 1 2 |  2.1
Fighting       | 4 5 |  5.0
Spellcasting   | 1 |  1.8
Axes           | 4 5 |  5.0
Evocations     | 1 2 |  2.4
Throwing       | |  0.9

Action                     |  1- 3 |  4- 6 |  7- 9 || total
---------------------------+-------+-------+-------++-------
  Melee: Dagger            |    57 |   120 |       ||   177
         Hand axe          |    56 |   137 |    96 ||   289
         Trident           |       |     8 |   106 ||   114
    Use: Potion            |       |     1 |     4 ||     5
         Scroll            |       |       |     7 ||     7
   Stab: Confused          |     1 |     4 |     1 ||     6
         Paralysed         |       |     1 |       ||     1
 Armour: Leather armour    |    52 |    20 |       ||    72
         Chain mail        |       |    87 |    83 ||   170
  Dodge: Dodged            |    41 |    43 |    32 ||   116

Table legend: (Time is in decaauts)
 A = Elapsed time spent in this place.
 B = Non-inter-level travel time spent in this place.
 C = Inter-level travel time spent in this place.
 D = Time resting spent in this place.
 E = Time spent auto-exploring this place.
 F = Levels seen in this place.
 G = Mean time per level.
                   A        B        C        D        E       F      G
               +--------+--------+--------+--------+--------+-----+--------+
         Total |   4783 |   4281 |    502 |      0 |   3447 |   6 |  797.2 |
       Dungeon |   4783 |   4281 |    502 |      0 |   3447 |   6 |  797.2 |
               +--------+--------+--------+--------+--------+-----+--------+

Top non-repeatable levels by time:
     D:3: 921 daAuts
     D:1: 869 daAuts
     D:4: 841 daAuts
     D:2: 778 daAuts
     D:5: 776 daAuts
     D:6: 596 daAuts
